 Dungeon Crawl Stone Soup version 0.20.1-1-g8b1a95d (console) character file.

67 bli the Skirmisher (level 3, 0/29 HPs)
             Began as a Draconian Fighter on July 16, 2017.
             Was an Initiate of Hepliaklqana.
             Succumbed to an adder's poison
             ... on level 2 of the Dungeon.
             The game lasted 00:05:32 (1774 turns).

bli the Skirmisher (Draconian Fighter)              Turns: 1774, Time: 00:05:33

Health: 0/29       AC:  6    Str: 18    XL:     3   Next: 98%
Magic:  3/3        EV: 10    Int:  8    God:    Hepliaklqana [......]
Gold:   43         SH:  9    Dex: 11    Spells: 2/2 levels left

rFire    . . .     SeeInvis .   b - +1 dagger (protect)
rCold    . . .     Gourm    .   j - +0 shield
rNeg     . . .     Faith    .   (armour unavailable)
rPois    .         Spirit   .   (helmet restricted)
rElec    .         Reflect  .   (no cloak)
rCorr    .         Harm     .   (no gloves)
MR       .....                  o - +0 pair of boots
Stlth    +.........             (no amulet)
Regen    0.1/turn               e - ring of wizardry
MPRegen  0.1/turn               (no ring)

@: lethally poisoned (0 -> -6), berserk cooldown, slowed, invisible, very slow
A: unfitting armour, reduced essence, cold-blooded, AC +5
a: Recall Ancestor, Ancestor Identity, Renounce Religion


You were on level 2 of the Dungeon.
You worshipped Hepliaklqana.
Hepliaklqana was noncommittal.
You were hungry.

You visited 1 branch of the dungeon, and saw 2 of its levels.

You collected 43 gold pieces.

Inventory:

Hand Weapons
 a - a +0 long sword
 b - a +1 dagger of protection (weapon)
 f - a +0 dagger
Armour
 j - a +0 shield (worn)
 o - a +0 pair of boots (worn)
Jewellery
 e - a ring of wizardry (left hand)
Scrolls
 i - a scroll of magic mapping {unknown}
 l - a scroll of random uselessness {unknown}
Potions
 c - 2 potions of might
 h - a potion of degeneration {unknown}
 k - a potion of invisibility
 n - a potion of ambrosia {unknown}
Comestibles
 d - a bread ration
 m - a royal jelly


   Skills:
 + Level 4.0 Fighting
 + Level 2.5 Long Blades
 + Level 3.2 Dodging
 + Level 0.2 Stealth
 + Level 3.4 Shields


You had 2 spell levels left.
You didn't know any spells.

Dungeon Overview and Level Annotations

Branches:
Dungeon (2/15)

Altars:
Hepliaklqana
Xom


Innate Abilities, Weirdness & Mutations

Your plain brown scales are hard. (AC +5)
You cannot fit into any form of body armour.
You are cold-blooded and may be slowed by cold attacks.
Your life essence is reduced to manifest your ancestor. (-10% HP)


Message History

* * * LOW HITPOINT WARNING * * *
You feel sick.
It was a potion of berserk rage.
A red film seems to cover your vision as you go berserk!
You feel yourself moving faster!
You feel mighty!
* * * LOW HITPOINT WARNING * * *
You feel sick.
You are too berserk!
You feel a strong urge to attack something.
* * * LOW HITPOINT WARNING * * *
You feel sick.
You feel your anger subside.
You are no longer berserk.
You are exhausted.
You feel yourself slow down.
* * * LOW HITPOINT WARNING * * *
You feel sick.
It was a potion of invisibility.
You fade into invisibility!
You die...

.# #.....#
#.##.##.# .#
#.....#
#.##.##.# .#
#.....#
#.......# .#
#.....#
####.#### .#
####### #.#
.# #.# ## #.#
####### #.#
#######...[.#
#.#
#.......###.#
#.#
##.#####.#
#.###@# ...#
#.# #...R.#
####
#.....#####
#######


You could see the friendly Gnaeus the ancestor.

Vanquished Creatures
  3 adders (D:2)
  3 leopard geckos
  2 giant cockroaches
  4 goblins (D:1)
  6 hobgoblins
  5 bats (D:1)
  2 frilled lizards
  A giant cockroach zombie (D:2)
  6 kobolds
  4 rats
36 creatures vanquished.

Vanquished Creatures (collateral kills)
  A bat skeleton (D:2)
1 creature vanquished.

Grand Total: 37 creatures vanquished

Notes
Turn   | Place    | Note
-------+----------+-------------------------------------------
     0 | D:1      | bli the Draconian Fighter began the quest for the Orb.
     0 | D:1      | Reached XP level 1. HP: 19/19 MP: 1/1
   279 | D:1      | Reached XP level 2. HP: 26/26 MP: 2/2
  1035 | D:1      | Reached XP level 3. HP: 31/33 MP: 3/3
  1321 | D:2      | Found a hazy altar of Hepliaklqana.
  1322 | D:2      | Found a shimmering altar of Xom.
  1322 | D:2      | Noticed a wyvern
  1323 | D:2      | Noticed a spectral ugly thing
  1323 | D:2      | Noticed a wyvern
  1337 | D:2      | Became a worshipper of Hepliaklqana the Forgotten
  1719 | D:2      | Reached skill level 4 in Fighting
  1770 | D:2      | HP: 2/43 [poisoned by an adder]
  1774 | D:2      | Succumbed to an adder's poison

Skill      XL: |  1  2  3 |
---------------+----------+-----
Dodging        | 3 |  3.2
Fighting       | 4 |  4.0
Long Blades    | |  2.5
Stealth        | |  0.2
Shields        | |  3.4

Action                   || total
-------------------------++-------
Melee: Long sword        ||    59
       Tailslap          ||    19
       Dagger            ||    65
  Use: Potion            ||     2
 Stab: Sleeping          ||     2
  Eat: Chunk             ||     2
Armor: Skin              ||    33
Dodge: Dodged            ||    57
Block: Shield            ||    52
       Rpst.: Long sword ||    11
